 Dungeon Crawl Stone Soup version 0.26-a0-6-g448add79b7 (webtiles) character file.

Game seed: 6101464256569075799, levelgen mode: deterministic

814 Morbidden the Sneak (level 7, 24/63 HPs)
             Began as a Deep Dwarf Assassin on May 24, 2020.
             Was an Initiate of Makhleb.
             Quit the game on level 4 of the Dungeon.
             The game lasted 00:11:02 (2481 turns).

Morbidden the Sneak (Deep Dwarf Assassin)           Turns: 2481, Time: 00:11:02

Health: 24/63      AC:  3    Str: 17    XL:     7   Next: 62%
Magic:  5/5        EV: 14    Int: 11    God:    Makhleb [......]
Gold:   126        SH:  0    Dex: 14    Spells: 6/6 levels left

rFire    + . .     SeeInvis .   a - +2 dagger (speed)
rCold    . . .     Gourm    .   (no shield)
rNeg     . . .     Faith    .   b - +0 robe
rPois    .         Spirit   .   (no helmet)
rElec    .         Reflect  .   c - +0 cloak
rCorr    .         Harm     .   (no gloves)
MR       ++...     Clarity  +   (no boots)
Stlth    +++.......             (no amulet)
HPRegen  0.00/turn              p - ring of protection from fire
MPRegen  0.09/turn              z - ring of protection from magic

@: non-regenerating
A: damage resistance, heal wounds, clarity, low mp 1, mutation resistance 1,
sense surroundings 2, no regeneration
a: Heal Wounds, Renounce Religion


You were on level 4 of the Dungeon.
You worshipped Makhleb.
Makhleb was noncommittal.
You were not hungry.

You visited 2 branches of the dungeon, and saw 5 of its levels.

You collected 126 gold pieces.

Inventory:

Hand Weapons
 a - a +2 dagger of speed (weapon)
Missiles
 e - 4 poisoned darts (quivered)
 k - a curare-tipped dart
Armour
 b - a +0 robe (worn)
 c - a +0 cloak (worn)
Jewellery
 p - a ring of protection from fire (left hand)
 x - an uncursed ring of flight
 y - an uncursed ring of positive energy
 z - a ring of protection from magic (right hand)
Scrolls
 d - a scroll of identify
 h - a scroll of immolation {unknown}
 i - 4 scrolls of remove curse
 j - 2 scrolls of teleportation {unknown}
 l - a scroll of amnesia {unknown}
 m - a scroll of magic mapping {unknown}
 s - a scroll of random uselessness {unknown}
 w - 2 scrolls of fear {unknown}
Potions
 g - 2 potions of invisibility
 n - a potion of curing
 o - a potion of heal wounds {unknown}
 u - 2 potions of mutation
 v - a potion of stabbing
Comestibles
 f - 9 rations
 q - 6 chunks of flesh


   Skills:
 * Level 3.9 Fighting
 + Level 3.3 Short Blades
 + Level 4.9 Throwing
 + Level 3.8 Dodging
 + Level 6.4 Stealth


You had 6 spell levels left.
You didn't know any spells.
Your spell library was empty.

Dungeon Overview and Level Annotations

Branches:
Dungeon (4/15)             Temple (1/1) D:4

Altars:
Ashenzari
Cheibriados
Dithmenos
Elyvilon
Fedhas
Gozag
Kikubaaqudgha
Makhleb
Okawaru
Qazlal
Ru
Sif Muna
Uskayaw
Vehumet
Zin


Innate Abilities, Weirdness & Mutations

You are resistant to damage.
You can heal yourself by infusing magical energy.
You passively map the area around you.
You do not regenerate.
You possess an exceptional clarity of mind.
Your magical capacity is low. (-10% MP)
You are somewhat resistant to further mutation.


Message History

Makhleb accepts your kill.
You see here a jackal corpse.
You butcher the jackal corpse.
q - 5 chunks of flesh (gained 3)
You see here a jackal skeleton.
There isn't anything to butcher here.
You see here a jackal corpse.
You butcher the jackal corpse.
q - 6 chunks of flesh (gained 1)
You see here a jackal skeleton.
There isn't anything to butcher here.
Unknown command.
Quiver which item? (- for none, * to show all) (? for menu, Esc to quit)
Okay, then.
Okay, then.
Quiver which item? (- for none, * to show all) (? for menu, Esc to quit)
Okay, then.
Quiver which item? (- for none, * to show all) (? for menu, Esc to quit)
Okay, then.
Are you sure you want to abandon this character and quit the game? (Confirm with "yes".)

* * #.......................
*, ,
#....................... , ,
+......................., *
, #....................... ,
#......................., ,*
###.....).................
#......###'###+##....#####*
, , #......'........#....#
.....+......#..รท@....+....#
.....#.....g#........#....#
.....#......#....##..#....#
.....#......#....#*..#....#
.....#......#....#*,.#))..#
* .....#......#....# ,
#....+ ,, .....#....P.P....#
#....# ,,,
.....'...##.##...#,
,#....#,,
.....#..P#...#P#### #....#


There were no monsters in sight!

Vanquished Creatures
  A two-headed ogre (D:3)
  7 gnolls
  5 adders (D:2)
  5 worms
  4 dart slugs
  A leopard gecko (D:3)
  An orc (D:4)
  7 bats
  2 giant cockroaches
  7 goblins
  2 hobgoblins
  6 jackals
  4 frilled lizards
  4 kobolds
  A leopard gecko skeleton (D:4)
  A quokka skeleton (D:4)
  2 rats
60 creatures vanquished.

Notes
Turn   | Place    | Note
-------+----------+-------------------------------------------
     0 | D:1      | Morbidden the Deep Dwarf Assassin began the quest for the
                  | Orb.
     0 | D:1      | Reached XP level 1. HP: 19/19 MP: 1/1
   132 | D:1      | Reached skill level 5 in Stealth
   451 | D:1      | Reached XP level 2. HP: 26/26 MP: 2/2
   855 | D:2      | Found a shattered altar of Ashenzari.
   948 | D:2      | Reached XP level 3. HP: 24/32 MP: 3/3
   987 | D:2      | Reached skill level 6 in Stealth
  1282 | D:2      | Reached XP level 4. HP: 9/40 MP: 4/4
  1678 | D:3      | Gained mutation: You possess an exceptional clarity of
                  | mind. [potion of mutation]
  1678 | D:3      | Gained mutation: You are somewhat resistant to further
                  | mutation. [potion of mutation]
  1678 | D:3      | Gained mutation: Your magical capacity is low. (-10% MP)
                  | [potion of mutation]
  1678 | D:3      | Gained mutation: You passively map the area around you.
                  | [potion of mutation]
  1876 | D:3      | Noticed a two-headed ogre
  1899 | D:3      | Reached XP level 5. HP: 6/46 MP: 4/4
  2017 | D:3      | Killed a two-headed ogre
  2017 | D:3      | Reached XP level 6. HP: 20/57 MP: 5/5
  2017 | D:3      | Reached XP level 7. HP: 22/63 MP: 6/6
  2258 | D:4      | Found a staircase to the Ecumenical Temple.
  2280 | Temple   | Entered the Ecumenical Temple
  2329 | Temple   | Became a worshipper of Makhleb the Destroyer
  2481 | D:4      | Quit the game

Illustrated notes

Levels and vault maps discovered:
D:1:      lemuel_arrival_river_bridge, layout_basic
D:2:      layout_rooms, chequers_garden, ashenzari_altar_1
D:3:      layout_basic, first_ration
D:4:      layout_gridville, minmay_temple_entry_gardened_gates,
          uniq_blork_the_orc
Temple:   eino_wide_crystal_templ

Skill      XL: |  1  2  3  4  5 |
---------------+----------------+-----
Stealth        | 5 6 |  6.4
Fighting       | 2 3 |  3.9
Short Blades   | 2 3 |  3.3
Throwing       | 2 4 |  4.9
Dodging        | 3 |  3.8

Action                   |  1- 3 |  4- 6 |  7- 9 || total
-------------------------+-------+-------+-------++-------
Melee: Dagger            |    80 |    56 |    38 ||   174
       Unarmed           |       |     1 |       ||     1
Throw: Dart              |    17 |    46 |    22 ||    85
 Abil: Heal Wounds       |       |     1 |     1 ||     2
  Use: Potion            |       |    10 |       ||    10
       Scroll            |       |     4 |       ||     4
 Stab: Sleeping          |     7 |       |       ||     7
  Eat: Chunk             |     1 |     2 |     2 ||     5
Armor: Robe              |    10 |    10 |     2 ||    22
       Skin              |       |     1 |       ||     1
Dodge: Dodged            |    34 |    27 |    17 ||    78

Table legend:
 A = Non-vault XP
 B = Vault XP
 C = Vault XP percentage of total XP
 D = Non-vault monster count
 E = Vault monster count
 F = Vault count percentage of total count
                 A         B        C        D         E       F
            +---------+---------+-------+---------+---------+-------
      Total |    1163 |       0 |   0.0 |      60 |       0 |   0.0
            +---------+---------+-------+---------+---------+-------
        D:1 |      16 |       0 |   0.0 |       7 |       0 |   0.0
        D:2 |     108 |       0 |   0.0 |      24 |       0 |   0.0
        D:3 |     985 |       0 |   0.0 |      20 |       0 |   0.0
        D:4 |      54 |       0 |   0.0 |       9 |       0 |   0.0
            +---------+---------+-------+---------+---------+-------
